 Dungeon Crawl Stone Soup version 0.24.0-125-gc4c63601f3 (webtiles) character file.

Game seed: 3296813038540751186, levelgen mode: deterministic

114 Curus the Spear-Bearer (level 4, -4/33 HPs)
             Began as a Merfolk Gladiator on Mar 20, 2020.
             Splashed by a jelly's acid (6 damage)
             ... on level 2 of the Dungeon.
             The game lasted 00:06:26 (1069 turns).

Curus the Spear-Bearer (Merfolk Gladiator)          Turns: 1069, Time: 00:06:27

Health: -4/33      AC:  4    Str: 14    XL:     4   Next: 97%
Magic:  4/4        EV: 14    Int:  7    God:
Gold:   97         SH:  0    Dex: 16    Spells: 3/3 levels left

rFire    . . .     SeeInvis .   a - +0 trident
rCold    . . .     Gourm    .   (no shield)
rNeg     . . .     Faith    .   b - +0 leather armour
rPois    .         Spirit   .   c - +0 helmet
rElec    .         Reflect  .   (no cloak)
rCorr    .         Harm     .   (no gloves)
MR       .....                  (no boots)
Stlth    +.........             (no amulet)
HPRegen  0.11/turn              (no ring)
MPRegen  0.09/turn              (no ring)

@: no status effects
A: change form in water, swift swim, stealthy swim
a: no special abilities


You were on level 2 of the Dungeon.
You were not hungry.

You visited 1 branch of the dungeon, and saw 3 of its levels.

You collected 97 gold pieces.

Inventory:

Hand Weapons
 a - a +0 trident (weapon)
Missiles
 d - 3 throwing nets (quivered)
Armour
 b - a +0 leather armour (worn)
 c - a +0 helmet (worn)
Scrolls
 e - 4 scrolls of amnesia
 g - a scroll of teleportation
 j - 3 scrolls of identify
Potions
 h - a potion of cancellation
Comestibles
 f - 4 rations


   Skills:
 - Level 2.1 Fighting
 + Level 8.0 Polearms
 - Level 2.0 Throwing
 - Level 4.0 Dodging


You had 3 spell levels left.
You didn't know any spells.
Your spell library was empty.

Dungeon Overview and Level Annotations

Branches:
Dungeon (3/15)

Altars:
Ru

Annotations:
D:3 Grinder


Message History

You hear the slow rusting of a drain nearby.
The jelly hits you.
You are splashed with acid!
* * * LOW HITPOINT WARNING * * *
The orc priest hits you but does no damage.
The orc barely misses you.
You climb upwards.
There is a stone staircase leading down here.
You barely miss the orc priest.
The orc hits you with a +0 hand axe of freezing.
* * * LOW HITPOINT WARNING * * *
The orc freezes you.
* * * LOW HITPOINT WARNING * * *
The jelly barely misses you. The orc priest closely misses you.
You closely miss the orc priest. The orc closely misses you.
The jelly closely misses you.
The orc priest miscasts a cantrip.
You barely miss the orc priest. The orc closely misses you. The jelly hits you.
* * * LOW HITPOINT WARNING * * *
You are splashed with acid.
You die...

##..............#
................#
.#####.##########
..# #.# #.####.#
(...##.####
....##....#
......###.########
######.#.......o@#
.≈≈≈..#........Jo#
≈...≈.÷#.........#
≈._.≈...#........#
≈...≈..#.........#
.≈≈≈..#..........#
######.#.<.......#
.................#
..#####..##.######


You could see a jelly, an orc priest and an orc.

Vanquished Creatures
  4 adders (D:2)
  An ooze (D:2)
  5 dart slugs
  A leopard gecko (D:2)
  An orc (D:3)
  7 bats
  6 giant cockroaches
  8 goblins
  11 hobgoblins
  3 kobolds
  3 frilled lizards (D:1)
  8 rats
58 creatures vanquished.

Notes
Turn   | Place    | Note
-------+----------+-------------------------------------------
     0 | D:1      | Curus the Merfolk Gladiator began the quest for the Orb.
     0 | D:1      | Reached XP level 1. HP: 16/16 MP: 1/1
    22 | D:1      | Reached skill level 5 in Polearms
    25 | D:1      | Reached XP level 2. HP: 16/22 MP: 2/2
   106 | D:1      | Reached skill level 6 in Polearms
   106 | D:1      | Reached XP level 3. HP: 24/27 MP: 3/3
   573 | D:2      | Reached skill level 7 in Polearms
   573 | D:2      | Reached XP level 4. HP: 30/33 MP: 4/4
   594 | D:2      | Found a sacrificial altar of Ru.
  1026 | D:3      | Noticed Grinder
  1064 | D:3      | Reached skill level 8 in Polearms
  1069 | D:2      | Splashed by a jelly's acid

Levels and vault maps discovered:
D:1:      saegor_arrival_simple_e, layout_rooms, minmay_pentomino_t2
D:2:      layout_rooms, nicolae_ru_awakened_eye
D:3:      layout_loops_ring, first_ration, gup_sewer_entry_pipe,
          biasface_ghost_orc_armoury, uniq_ijyb, uniq_grinder, uniq_terence

Skill      XL: |  1  2  3  4 |
---------------+-------------+-----
Polearms       | 5 6 7 8 |  8.0
Fighting       | |  2.1
Throwing       | |  2.0
Dodging        | |  4.0

Action                   |  1- 3 |  4- 6 || total
-------------------------+-------+-------++-------
Melee: Trident           |   101 |    71 ||   172
  Use: Scroll            |     3 |     3 ||     6
       Potion            |     2 |     2 ||     4
 Stab: Sleeping          |     3 |     1 ||     4
  Eat: Chunk             |       |     1 ||     1
Armor: Leather armour    |    16 |    18 ||    34
Dodge: Dodged            |    54 |    53 ||   107
